 Dungeon Crawl Stone Soup version 0.22.1-1-ga44c0e5 (webtiles) character file.

52 leisz the Digger (level 3, -8/21 HPs)
             Began as a Gargoyle Earth Elementalist on Oct 5, 2018.
             Killed from afar by Ijyb (12 damage)
             ... with a wand of acid (7)
             ... on level 2 of the Dungeon.
             The game lasted 00:03:37 (1703 turns).

leisz the Digger (Gargoyle Earth Elementalist)      Turns: 1703, Time: 00:03:37

Health: -8/21      AC:  5    Str: 11    XL:     3   Next: 85%
Magic:  4/7        EV: 12    Int: 16    God:
Gold:   86         SH:  0    Dex: 10    Spells: 6/7 levels left

rFire    . . .     SeeInvis .   p - +0 quarterstaff
rCold    . . .     Gourm    .   (shield currently unavailable)
rNeg     + . .     Faith    .   c - +0 robe
rPois    ∞         Spirit   .   (no helmet)
rElec    +         Reflect  .   (no cloak)
rCorr    .         Harm     .   (no gloves)
MR       .....                  (no boots)
Stlth    ++........             (no amulet)
HPRegen  0.07/turn              (no ring)
MPRegen  0.10/turn              (no ring)

@: no status effects
A: negative energy resistance 1, electricity resistance, unbreathing,
petrification resistance, rot immunity, AC +3
a: no special abilities


You were on level 2 of the Dungeon.
You were not hungry.

You visited 1 branch of the dungeon, and saw 2 of its levels.

You collected 86 gold pieces.

Inventory:

Hand Weapons
 g - a +0 short sword
 p - a +0 quarterstaff (weapon)
Missiles
 b - 17 stones (quivered)
 n - 2 javelins
Armour
 c - a +0 robe (worn)
Scrolls
 e - 2 scrolls of identify {unknown}
 h - a scroll of remove curse {unknown}
 k - a scroll of amnesia {unknown}
 l - a scroll of teleportation {unknown}
 m - a scroll of immolation {unknown}
 o - 3 scrolls of blinking {unknown}
 q - 2 scrolls of fear {unknown}
 r - a scroll of random uselessness {unknown}
Potions
 a - a potion of invisibility {unknown}
 f - a potion of mutation {unknown}
 i - a potion of heal wounds {unknown}
 j - a potion of curing {unknown}
Comestibles
 d - 6 rations
 s - 4 chunks of flesh


   Skills:
 + Level 1.9 Fighting
 - Level 1.5 Dodging
 - Level 2.1 Stealth
 + Level 2.7 Spellcasting
   Level 0.7 Transmutations
 + Level 4.3 Earth Magic


You had 6 spell levels left.
You knew the following spells:

 Your Spells              Type           Power        Failure   Level  Hunger
a - Sandblast             Erth           ###...       3%          1    #......

Your spell library contained the following spells:

 Spells                   Type           Power        Failure   Level  Hunger
 Passwall                 Tmut/Erth      ##......     11%         2    ##.....
 Stone Arrow              Conj/Erth      #.....       24%         3    ###....
 Petrify                  Tmut/Erth      ##......     56%         4    #####..
 Lee's Rapid Deconstruct  Erth           ###.......   65%         5    ######.


Dungeon Overview and Level Annotations

Branches:
Dungeon (2/15)

Altars:
Trog

Annotations:
D:2 Ijyb


Innate Abilities, Weirdness & Mutations

You are resistant to torment.
Your stone body is resilient. (AC +3)
You are immune to poison.
You resist negative energy. (rN+)
You are resistant to electric shocks. (rElec)
You can survive without breathing.
You are immune to petrification.
You are immune to rotting.


Message History

Press: ? - help, Shift-Dir - straight line, f/p - Ijyb
Aim: Ijyb, wielding a dagger and wearing a chain mail (lightly wounded)
The blast of sand misses Ijyb.
b - 18 stones Ijyb zaps a wand.
The bolt of acid hits you!
You are splashed with acid!
The acid burns!
Ouch! That really hurt!
* * * LOW HITPOINT WARNING * * *
It is a wand of acid (7).
Casting: Sandblast (safe; 3% risk of failure)
Confirm with . or Enter, or press ? or * to list all spells.
Aiming: Sandblast (safe; 3% risk of failure)
Press: ? - help, Shift-Dir - straight line, f/p - Ijyb
Aim: Ijyb, wielding a dagger, wearing a chain mail and carrying a wand of acid The blast of sand hits Ijyb.
Ijyb is lightly wounded.
b - 17 stones Ijyb zaps a wand.
The bolt of acid hits you!
Ouch! That really hurt!
You die...

#...# ##.#
####..†##############..
#......'..........)....
#.##...###############.
#.##...#.. ##
#.######.# # #.# #.# #
#.######g## #
#...).@ggg## #
#########g.#
.8.8.8.8..# .....ggg..#
$.g...g...# ..........#
?.........# .......$..#
.8.8.8.8.##


You could see Ijyb and 4 goblins.

Vanquished Creatures
  3 worms (D:2)
  3 dart slugs
  A leopard gecko (D:2)
  A ball python (D:2)
  7 goblins
  2 hobgoblins (D:1)
  2 jackals (D:2)
  6 bats
  2 frilled lizards (D:1)
  7 kobolds
  6 rats
40 creatures vanquished.

Notes
Turn   | Place    | Note
-------+----------+-------------------------------------------
     0 | D:1      | leisz the Gargoyle Earth Elementalist began the quest for
                  | the Orb.
     0 | D:1      | Reached XP level 1. HP: 10/10 MP: 3/3
   182 | D:1      | Reached XP level 2. HP: 16/16 MP: 0/5
   293 | D:1      | Reached skill level 1 in Fighting
   516 | D:1      | Reached skill level 4 in Earth Magic
  1039 | D:2      | Reached XP level 3. HP: 14/20 MP: 1/6
  1060 | D:2      | Found a bloodstained altar of Trog.
  1688 | D:2      | Noticed Ijyb
  1703 | D:2      | Killed from afar by Ijyb

Skill      XL: |  1  2 |
---------------+-------+-----
Fighting       | 1 |  1.9
Earth Magic    | 4 |  4.3
Dodging        | |  1.5
Stealth        | |  2.1
Spellcasting   | |  2.7
Transmutations | |  0.7

Action                   || total
-------------------------++-------
Melee: Short sword       ||    45
       Unarmed           ||     1
       Quarterstaff      ||    20
Throw: Stone             ||     1
 Cast: Sandblast         ||    37
  Eat: Chunk             ||     2
       Ration            ||     1
Armor: Robe              ||    36
Dodge: Dodged            ||    85
